 Dungeon Crawl Stone Soup version 0.27-a0-1202-ge72e49191c (webtiles) character file.

Game seed: 17119408744970959175

761 Kinoniko the Cleaver (level 7, -1/63 HPs)
             Began as a Hill Orc Berserker on June 4, 2021.
             Was a Believer of Trog.
             Slain by a black bear (9 damage)
             ... on level 5 of the Dungeon.
             The game lasted 00:05:44 (5339 turns).

Kinoniko the Cleaver (Hill Orc Berserker)           Turns: 5339, Time: 00:05:45

Health: -1/63      AC:  4    Str: 22    XL:     7   Next: 80%
Magic:  7/7        EV: 11    Int:  7    God:    Trog [**....]
Gold:   274        SH:  0    Dex: 10    Spells: 6/6 levels left

rFire    . . .     SeeInvis .   a - +0 hand axe
rCold    . . .     Faith    .   (no shield)
rNeg     . . .     Spirit   .   s - +0 troll leather armour {Purgy}
rPois    .         Reflect  .   (no helmet)
rElec    .         Harm     .   (no cloak)
rCorr    .         Rampage  .   (no gloves)
Will     ++...                  (no boots)
Stlth    +.........             (no amulet)
HPRegen  2.20/turn              (no ring)
MPRegen  0.10/turn              (no ring)

@: strong-willed, on berserk cooldown, regenerating, slowed, studying Fighting,
very slow
A: no striking features
a: Renounce Religion, Berserk, Trog's Hand


You were on level 5 of the Dungeon.
You worshipped Trog.
Trog was pleased with you.
You visited 1 branch of the dungeon, and saw 5 of its levels.
You also visited: Sewer.

You collected 274 gold pieces.

Inventory:

Hand Weapons
 a - a +0 hand axe (weapon)
Armour
 c - a +0 ring mail
 h - a +0 buckler
 k - a +1 leather armour of cold resistance
 s - a +0 troll leather armour (worn) {Purgy}
Jewellery
 e - a ring of fire
 i - a ring of magical power
 q - a ring of protection from cold
 u - a +4 ring of protection
Scrolls
 b - a scroll of fog
 f - a scroll of brand weapon
 j - a scroll of silence {unknown}
 o - 2 scrolls of enchant armour {unknown}
 p - a scroll of torment {unknown}
 t - a scroll of amnesia {unknown}
 w - 3 scrolls of identify
Potions
 d - 2 potions of mutation {unknown}
 g - a potion of might {unknown}
 l - a potion of invisibility {unknown}
 m - a potion of lignification {unknown}
 n - 2 potions of curing {unknown}
 r - a potion of flight {unknown}
 v - a potion of cancellation {unknown}
 x - a potion of heal wounds {unknown}


   Skills:
 + Level 6.1 Fighting
 * Level 10.9 Axes
 - Level 2.1 Armour
 - Level 1.5 Dodging


You had 6 spell levels left.
You didn't know any spells.
Your spell library was empty.

Dungeon Overview and Level Annotations

Branches:
Dungeon (5/15)             Temple (0/1) D:4           Sewer (visited)

Altars:
Ashenzari
Sif Muna
Uskayaw

Shops:
D:1 :=[


Message History

The black bear claws you.
The black bear claws you but does no damage.
You hit the black bear.
The black bear is heavily wounded.
The black bear bites you. The black bear completely misses you.
The black bear claws you but does no damage.
You closely miss the black bear.
The black bear is heavily wounded.
The black bear bites you. The black bear claws you. x2
You slash the black bear!
The black bear is severely wounded.
The black bear closely misses you. The black bear claws you. x2
You hit the black bear.
The black bear is severely wounded.
The black bear bites you. The black bear claws you.
The black bear barely misses you.
The black bear goes berserk!
You slash the black bear!
The black bear is almost dead.
The black bear bites you! The black bear claws you. x2
Your skin crawls.
You feel strong-willed. The black bear bites you. The black bear claws you.
The black bear claws you but does no damage.
The black bear barely misses you. The black bear claws you.
The black bear barely misses you. x2; The black bear completely misses you.
The black bear barely misses you.
You hit the black bear.
The black bear is almost dead.
The black bear barely misses you. The black bear claws you. x2
* * * LOW HITPOINT WARNING * * *
You hit the black bear.
The black bear is almost dead.
The black bear bites you.
* * * LOW HITPOINT WARNING * * *
The black bear claws you.
* * * LOW HITPOINT WARNING * * *
The black bear claws you.
* * * LOW HITPOINT WARNING * * *
The black bear bites you!
You die...

# #...# # #...#
#...##
###†.##########.#
#...#.#.#........
#.#.......#####^#
#.#.#.#.### #
#......# #.#.#@##
#....h(# #.#.#.##
#.#......#
#.#.#.#.###
#.........#
#...#>#.#.#
###.......#
#.#.#.#.#


You could see a black bear (berserk).

Vanquished Creatures
  Purgy (Sewer)
  An ogre (D:4)
  A scorpion (D:4)
  A wyvern skeleton (D:5)
  A hound (D:5)
  An orc priest (D:3)
  A gnoll shaman (D:2)
  A jelly (D:5)
  A bullfrog skeleton (D:4)
  An iguana (D:5)
  11 gnolls
  9 adders
  2 ufetubi
  4 worms
  2 dart slugs
  9 orcs
  8 bats
  4 endoplasms
  2 giant cockroaches
  10 goblins
  3 hobgoblins
  5 jackals
  4 quokkas
  4 ball pythons
  A frilled lizard (D:2)
  7 kobolds
  4 rats
99 creatures vanquished.

Notes
Turn   | Place    | Note
-------+----------+-------------------------------------------
     0 | D:1      | Kinoniko the Hill Orc Berserker began the quest for the
                  | Orb.
     0 | D:1      | Reached XP level 1. HP: 19/19 MP: 1/1
    92 | D:1      | Found Jaoni's Book Boutique.
   150 | D:1      | Found Nitoucet's Armour Emporium.
   267 | D:1      | Found Look's Jewellery Shoppe.
   273 | D:1      | Found a faded altar of an unknown god.
   683 | D:1      | Reached XP level 2. HP: 25/26 MP: 2/2
  1221 | D:2      | Reached skill level 5 in Axes
  1486 | D:2      | Reached XP level 3. HP: 29/31 MP: 3/3
  1756 | D:2      | Reached skill level 6 in Axes
  1760 | D:2      | Reached XP level 4. HP: 32/39 MP: 4/4
  1766 | D:2      | Reached skill level 7 in Axes
  2068 | D:2      | Reached XP level 5. HP: 45/45 MP: 5/5
  2073 | D:2      | Reached ** piety under Trog
  3085 | D:3      | Reached skill level 8 in Axes
  3272 | D:3      | Reached XP level 6. HP: 43/51 MP: 6/6
  3342 | D:3      | Found a hide-covered altar of Uskayaw.
  3543 | D:4      | Found a glowing drain.
  3579 | Sewer    | Entered a sewer
  3727 | Sewer    | Reached skill level 9 in Axes
  3807 | Sewer    | Noticed Purgy
  3820 | Sewer    | Killed Purgy
  3950 | D:4      | Identified a scroll of acquirement
  3951 | D:4      | Acquired a manual of Fighting
  3974 | D:4      | Reached XP level 7. HP: 44/60 MP: 7/7
  4082 | D:4      | Reached skill level 10 in Axes
  4258 | D:4      | Found a staircase to the Ecumenical Temple.
  4794 | D:4      | Found a shimmering blue altar of Sif Muna.
  4850 | D:4      | Reached skill level 5 in Fighting
  4952 | D:4      | Found a broken altar of Ashenzari.
  4977 | D:5      | Entered Level 5 of the Dungeon
  5339 | D:5      | Slain by a black bear

Illustrated notes

Levels and vault maps discovered:
D:1:      dpeg_arrival_castle, layout_basic, serial_shops, shop, shop,
          nicolae_shop_temple_entry_statues_fountains, basic_ecumenical_altar,
          serial_park_tiny_pond, dk_noncrumbling_3
D:2:      layout_rooms, serial_corexii_hall, corexii_hall_statues_x,
          chequers_hall_statues_y, corexii_hall_statues_x,
          corexii_hall_statues_l, chequers_hall_statues_wall_a,
          corexii_hall_statues_deadend, grunt_ministairs_5
D:3:      layout_loops_ring, nicolae_uskayaw_dance_hall
D:4:      layout_gridville, marbit_many_paths, general_overflow_altar,
          temple_doors_e, cheibrodos_sewer_entry_sluice
D:5:      layout_basic, kennysheep_little_box, st_stairs_13

Skill      XL: |  1  2  3  4  5  6  7 |
---------------+----------------------+-----
Axes           | 5 6 7 8 9 10 | 10.9
Fighting       | 4 6 |  6.1
Armour         | |  2.1
Dodging        | |  1.5

Action                   |  1- 3 |  4- 6 |  7- 9 || total
-------------------------+-------+-------+-------++-------
Melee: Hand axe          |    96 |   157 |   142 ||   395
Invok: Berserk           |     1 |     8 |     5 ||    14
       Trog's Hand       |       |     1 |     1 ||     2
  Use: Scroll            |       |     4 |       ||     4
Armor: Ring mail         |    25 |     1 |       ||    26
       Animal skin       |     1 |       |       ||     1
       Leather armour    |       |    51 |       ||    51
       Troll leather arm |       |       |    35 ||    35
Dodge: Dodged            |    50 |    84 |    77 ||   211

Table legend: (Time is in decaauts)
 A = Elapsed time spent in this place.
 B = Non-inter-level travel time spent in this place.
 C = Inter-level travel time spent in this place.
 D = Time resting spent in this place.
 E = Time spent auto-exploring this place.
 F = Levels seen in this place.
 G = Mean time per level.
                   A        B        C        D        E       F      G
               +--------+--------+--------+--------+--------+-----+--------+
         Total |   5442 |   5320 |    122 |   1091 |   3494 |   6 |  907.0 |
       Dungeon |   5051 |   4929 |    122 |    830 |   3417 |   5 | 1010.2 |
         Sewer |    391 |    391 |      0 |    260 |     77 |   1 |  391.0 |
               +--------+--------+--------+--------+--------+-----+--------+

Top non-repeatable levels by time:
     D:2: 1476 daAuts
     D:4: 1101 daAuts
     D:3: 1096 daAuts
     D:1: 1001 daAuts
   Sewer: 391 daAuts
     D:5: 374 daAuts
